cohdb
Replays
Latest Replays
All Replays
Popular Replays
Top Player Replays
Match Explorer
How It Works
Community
CoH3 Stats
Reddit
Sign in to upload your games and track your stats! →
Sign in with Steam
Match 45680383
Unlisted
Match 45680383
Overview
Messages
Build Orders
End
Pioneer Squad
Construct Infanterie Kompanie
Selects Mechanized Battlegroup
Grenadier Squad
MG 42 Machine Gun Team
Grenadier Squad
Infanterie Officer Quarters
Grenadier Squad
Grenadier Squad
Construct Panzergrenadier Kompanie
Panzergrenadier Squad
Selects Raid Package
Pak 40 Anti-tank Gun Team
Medical Station
Selects StuG Assault Group
StuG Assault Group
Panzergrenadier Squad
Hermann93
Liberator4515
0
0
Comments
sign in to comment!
No comments posted yet!